 Dungeon Crawl Stone Soup version 0.31.0-11-ge490571c62 (webtiles) character file.

Game seed: 15336060053346946893

116 sanka the Cudgeller (level 4, -4/40 HPs)
             Began as a Minotaur Fighter on Jan 30, 2024.
             Was an Initiate of the Shining One.
             Killed by divine providence
             ... invoked by an orc priest
              (9 damage)
             ... on level 3 of the Dungeon.
             The game lasted 00:02:37 (1991 turns).

sanka the Cudgeller (Minotaur Fighter)              Turns: 1991, Time: 00:02:38

Health: -4/40      AC:  6    Str: 21    XL:     4   Next: 69%
Magic:  3/3        EV:  9    Int:  5    God:    the Shining One [......]
Gold:   114        SH:  4    Dex: 11    Spells: 3/3 levels left

rFire   + . .        a - +0 flail
rCold   . . .        c - +0 buckler
rNeg    . . .        b - +0 scale mail
rPois   .            (helmet restricted)
rElec   .            (no cloak)
rCorr   .            (no gloves)
SInv    .            (no boots)
Will    .....        (no amulet) Stlth
                     (no ring)
HPRegen 0.26/turn    k - ring of protection from fire
MPRegen 0.08/turn

%: no passive effects
@: glowing
A: horns 2, retaliatory headbutt
a: Renounce Religion


You were on level 3 of the Dungeon.
You worshipped the Shining One.
The Shining One was noncommittal.
You visited 1 branch of the dungeon, and saw 3 of its levels.

You collected 114 gold pieces.


Innate Abilities, Weirdness & Mutations

You have a pair of horns on your head.
You reflexively headbutt those who attack you in melee.


   Skills:
 - Level 4.0 Fighting
 + Level 5.8 Maces & Flails
 - Level 3.6 Armour
 - Level 3.6 Shields


You had 3 spell levels left.
You didn't know any spells.
Your spell library contained the following spells:

 Spells                   Type           Power      Damage    Failure   Level
 Sublimation of Blood     Necr           0%         N/A       95%         2
 Fugue of the Fallen      Necr           0%         N/A       99%         3
 Ozocubu's Armour         Ice            0%         N/A       99%         3
 Manifold Assault         Tloc           0%         N/A       100%        4
 Petrify                  Alch/Erth      0%         N/A       100%        4
 Irradiate                Conj/Alch      0%         3d11      100%        5

Inventory:

Hand Weapons
 a - a +0 flail (weapon)
Armour
 b - a +0 scale mail (worn)
 c - a +0 buckler (worn)
Jewellery
 k - a ring of protection from fire (right hand)
Scrolls
 e - a scroll of revelation {unknown}
 g - a scroll of enchant weapon {unknown}
 h - 2 scrolls of teleportation {unknown}
 i - 3 scrolls of identify {unknown}
 n - a scroll of fear {unknown}
 q - a scroll of vulnerability {unknown}
Potions
 d - a potion of might
 f - 2 potions of curing {unknown}
 j - a potion of lignification {unknown}
 l - a potion of attraction {unknown}
 m - 3 potions of brilliance {unknown}
 o - a potion of degeneration {unknown}
 p - a potion of mutation {unknown}

Dungeon Overview and Level Annotations

Branches:
Dungeon (3/15)

Altars:
Xom
The Shining One

▒. . . ▒ ▒. ▒ ▒▒▒▒.▒▒▒▒▒▒▒▒▒▒ ▒
........$...... ▒▒▒ ▒...oo....▒▒▒
▒▒.. ▒....)H.....▒ ▒..▒
▒....)....▒<▒ ▒▒.▒▒ ▒▒▒
▒.........▒.▒▒▒ ▒..▒▒ ..
▒▒▒..▒▒▒▒▒▒▒▒...▒▒▒▒▒†▒▒. ▒▒▒▒.
.▒▒..▒ ▒▒▒...).).... ▒....▒▒
.▒▒..▒ ▒...▒▒▒▒††..
▒.....▒▒..▒..▒ ▒...▒▒▒▒▒..▒▒.
▒.......▒....▒▒▒▒▒▒▒.▒▒▒▒▒▒..▒▒▒▒
......8.▒▒▒......................


You could see an orc priest and an orc.


Message History

The orc priest looks encouraged for a moment.
The orc closely misses you. You furiously retaliate!
You headbutt the orc!
You kill the orc!
The orc priest hits you from afar with a +0 trident!
* * * LOW HITPOINT WARNING * * *
The orc hits you but does no damage.
You barely miss the orc priest.
You headbutt the orc priest, but do no damage.
You block the orc's attack. The orc priest completely misses you.
You furiously retaliate!
You headbutt the orc priest. The orc priest barely misses you.
You closely miss the orc priest.
The orc priest is moderately wounded.
You block the orc's attack. The orc priest hits you with a +0 whip.
* * * LOW HITPOINT WARNING * * *
The orc priest invokes the aid of Beogh against you.
Beogh smites you!
* * * LOW HITPOINT WARNING * * *
You sock the orc priest!
You kill the orc priest!
The Shining One accepts your kill. The orc hits you but does no damage.
The orc priest mumbles some strange prayers to Beogh against you.
Beogh smites you!
You die...

Action                     |  1- 3 |  4- 6 || total
---------------------------+-------+-------++-------
  Melee: Flail             |    80 |    31 ||   111
         Headbutt          |    12 |     3 ||    15
 Armour: Scale mail        |    48 |    22 ||    70
  Dodge: Dodged            |    47 |    17 ||    64
  Block: Buckler           |    21 |     7 ||    28

Levels and vault maps discovered:
D:1:      tarquinn_simple_flora_water_c, layout_basic, serial_forest,
          infiniplex_forest_end_double, infiniplex_forest_clump_medium,
          infiniplex_forest_lined_3_way, infiniplex_forest_corner_1,
          infiniplex_forest_clump_small, infiniplex_forest_lined_3
D:2:      layout_loops_ring
D:3:      layout_rooms, tso_metal_star, xom_teletrap_fun,
          dreamdust_ecumenical_altar_statues

Notes
Turn   | Place    | Note
-------+----------+-------------------------------------------
     0 | D:1      | sanka the Minotaur Fighter began the quest for the Orb.
     0 | D:1      | Reached XP level 1. HP: 19/19 MP: 0/0
   129 | D:1      | Reached skill level 4 in Fighting
   129 | D:1      | Reached skill level 3 in Maces & Flails
   129 | D:1      | Reached XP level 2. HP: 26/27 MP: 1/1
   396 | D:1      | Reached skill level 4 in Maces & Flails
   396 | D:1      | Reached XP level 3. HP: 30/33 MP: 2/2
  1546 | D:3      | Found a faded altar of an unknown god.
  1564 | D:3      | Reached skill level 5 in Maces & Flails
  1564 | D:3      | Reached XP level 4. HP: 28/40 MP: 3/3
  1751 | D:3      | Found a glowing golden altar of the Shining One.
  1794 | D:3      | Found a shimmering altar of Xom.
  1833 | D:3      | Became a worshipper of the Shining One
  1990 | D:3      | HP: 4/40 [orc priest/divine providence (13)]
  1991 | D:3      | Killed from afar by an orc priest

Vanquished Creatures
  An orc priest (D:3)
  An orc wizard (D:3)
  2 adders
  A dart slug (D:1)
  4 orcs (D:3)
  11 ball pythons
  6 endoplasms
  2 giant cockroaches (D:2)
  4 goblins
  3 hobgoblins
  6 jackals
  4 quokkas
  5 bats
  5 frilled lizards
  3 kobolds
  8 rats
66 creatures vanquished.
